 Dungeon Crawl Stone Soup version 0.32-a0-868-g153ae1a8d6 (webtiles) character file.

Game seed: 16132608924972159293

70 Biggs the Shooter (level 4, 0/33 HPs)
             Began as a Coglin Hunter on Mar 28, 2024.
             Slain by a rat (1 damage)
             ... on level 2 of the Dungeon.
             The game lasted 00:01:53 (1066 turns).

Biggs the Shooter (Coglin Hunter)                   Turns: 1066, Time: 00:01:54

Health: 0/33       AC:  5    Str: 11    XL:     4   Next: 21%
Magic:  4/4        EV:  9    Int:  9    God:
Gold:   87         SH:  0    Dex: 19    Spells: 3/3 levels left

rFire   . . .        a - +2 sling {Aida}
rCold   . . .        d - +0 sling {Saranna}
rNeg    . . .        j - +0 ring mail
rPois   .            (no helmet)
rElec   .            (no cloak)
rCorr   .            (no gloves)
SInv    .            (no boots)
Will    .....        (amulet unavailable)
Stlth   +            (ring unavailable)
HPRegen 0.25/turn    (ring unavailable)
MPRegen 0.09/turn    (no gizmo)

%: no passive effects
@: revved
A: off-hand wielding, slow wielding, warmup strikes, no jewellery
a: Invent Gizmo


You were on level 2 of the Dungeon.
You visited 1 branch of the dungeon, and saw 3 of its levels.

You collected 87 gold pieces.

Inventory:

Hand Weapons
 a - a +2 sling (weapon) {Aida}
 d - a +0 sling (offhand) {Saranna}
Armour
 c - a +0 leather armour
 j - a +0 ring mail (worn)
Scrolls
 b - a scroll of butterflies
 e - a scroll of identify {unknown}
 f - 2 scrolls of revelation {unknown}
 i - a scroll of amnesia {unknown}
 m - a scroll of vulnerability {unknown}
 n - a scroll of fear {unknown}
 o - a scroll of blinking {unknown}
Potions
 g - 2 potions of curing {unknown}
 h - a potion of brilliance {unknown}
 k - a potion of haste {unknown}
 l - a potion of lignification {unknown}


   Skills:
 - Level 2.0 Fighting
 + Level 5.1 Ranged Weapons
 - Level 1.7 Dodging
 - Level 0.7 Stealth


You had 3 spell levels left.
You didn't know any spells.
Your spell library contained the following spells:

 Spells                   Type           Power      Damage    Failure   Level
 Magic Dart               Conj           0%         1d3       69%         1
 Iskenderun's Battlesphe  Conj           0%         2d6       100%        5


Dungeon Overview and Level Annotations

Branches:
Dungeon (3/15)

Altars:


Innate Abilities, Weirdness & Mutations

You can wield a second weapon in your off-hand.
It takes a long time for you to wield or remove held weapons.
Your first few attacks do less damage.
You cannot equip rings or amulets.


Message History

The orc priest barely misses you. The orc hits you with a +0 club.
The rat bites you but does no damage. The orc closely misses you.
The orc priest threatens, "Beogh's wrath is as vast as their mercy.
Make your choice!" (press Y on the ability menu to convert to Beogh)
You can't go down here!
The orc priest hits you but does no damage.
The orc hits you but does no damage. The orc hits you with a +0 club.
The rat closely misses you.
You climb upwards.
Reactivating autopickup.
There is a stone staircase leading down here.
Unknown command.
Unknown command.
You shoot a sling bullet.
The orc priest shouts, "The Pantheon deserves no one's loyalty.
Let us show you the true path!"
The sling bullet hits the orc priest.
The orc priest is lightly wounded.
You shoot a sling bullet. The sling bullet hits the orc priest!
The orc priest shouts, "Beogh offers mercy even to people such as you.
Join us and be reborn!"
The orc priest is severely wounded.
The orc priest hits you with a +0 short sword.
The orc hits you with a +0 war axe. The orc hits you with a +0 club.
The rat bites you.
* * * LOW HITPOINT WARNING * * *
You are too injured to fight recklessly!
Unknown command.
Unknown command.
Fire: a) +2 sling {Aida}
Press: ? - help, Q - select action Shift-Dir - straight line, f/p - orc priest
Aim: an orc priest, wielding a +0 short sword (severely wounded, 64% to hit)
You shoot a sling bullet. The sling bullet hits the orc priest!
You kill the orc priest!
You shoot a sling bullet. The orc barely misses you.
The orc closely misses you. The rat misses you.
The orc hits you with a +0 club.
* * * LOW HITPOINT WARNING * * *
The orc hits you with a +0 war axe.
* * * LOW HITPOINT WARNING * * *
The rat bites you.
You die...

.........# #.........####........
..##..##.###.........####.....###
..###.##..##..................###
.## #..##.#.......>..#####.......
.# ##................#####.......
.###.......#........###..........
.##..#..#.................#..##..
....###..).....).o.###.####.###..
...............r@...........##...
.########........o.....##....#.##
## ####....#....#...........#.##
####.....).......#..............
#=..........##....###.........##
#.......#.#####.....##........##
##......##.#....###..#........<..
........##.#....###..#..##.###...
......####......##.........# ##..


You could see 2 orcs and a rat.

Vanquished Creatures
  2 orc priests
  A ribbon worm (D:2)
  2 orcs (D:3)
  A ball python (D:1)
  3 endoplasms
  6 goblins
  4 hobgoblins
  2 quokkas
  2 bats (D:1)
  4 frilled lizards
  4 kobolds
  5 rats
36 creatures vanquished.

Notes
Turn   | Place    | Note
-------+----------+-------------------------------------------
     0 | D:1      | Biggs the Coglin Hunter began the quest for the Orb.
     0 | D:1      | Reached XP level 1. HP: 16/16 MP: 1/1
   325 | D:1      | Reached skill level 4 in Ranged Weapons
   325 | D:1      | Reached XP level 2. HP: 22/22 MP: 2/2
   481 | D:1      | Got the Incunable of the Dragonfly
   660 | D:2      | Reached XP level 3. HP: 27/27 MP: 3/3
  1057 | D:3      | Reached skill level 5 in Ranged Weapons
  1057 | D:3      | Reached XP level 4. HP: 33/33 MP: 4/4
  1066 | D:2      | HP: 1/33 [orc/+0 war axe (5)]
  1066 | D:2      | Slain by a rat

Illustrated notes

Levels and vault maps discovered:
D:1:      amcnicky_arrival_wind_blow, layout_basic,
          corexii_item_surrounded_by_moat
D:2:      layout_rooms
D:3:      layout_loops_ring, tso_oasis_becter,
          mainiacjoe_overflow_surrounded_room, nicolae_uskayaw_dance_hall,
          uniq_terence, uniq_ijyb, uniq_robin

Skill      XL: |  1  2  3 |
---------------+----------+-----
Ranged Weapons | 4 5 |  5.1
Fighting       | |  2.0
Dodging        | |  1.7
Stealth        | |  0.7

Action                     |  1- 3 |  4- 6 || total
---------------------------+-------+-------++-------
   Fire: Sling             |   114 |    16 ||   130
 Armour: Leather armour    |     5 |       ||     5
         Ring mail         |       |    17 ||    17
  Dodge: Dodged            |     2 |    10 ||    12

Table legend: (Time is in decaauts)
 A = Elapsed time spent in this place.
 B = Non-inter-level travel time spent in this place.
 C = Inter-level travel time spent in this place.
 D = Time resting spent in this place.
 E = Time spent auto-exploring this place.
 F = Levels seen in this place.
 G = Mean time per level.
                   A        B        C        D        E       F      G
               +--------+--------+--------+--------+--------+-----+--------+
         Total |   1083 |   1053 |     30 |      0 |    886 |   3 |  361.0 |
       Dungeon |   1083 |   1053 |     30 |      0 |    886 |   3 |  361.0 |
               +--------+--------+--------+--------+--------+-----+--------+

Top non-repeatable levels by time:
     D:1: 663 daAuts
     D:2: 407 daAuts
     D:3: 13 daAuts
